 Dungeon Crawl Stone Soup version 0.29.0-13-gc9e81de378 (webtiles) character file.

Game seed: 7494375932306682893

2 Esekla the Sneak (level 1, -3/19 HPs)
             Began as a Barachi Delver on Sept 10, 2022.
             Slain by an ufetubus (4 damage)
             ... on level 5 of the Dungeon.
             The game lasted 00:01:44 (174 turns).

Esekla the Sneak (Barachi Delver)                    Turns: 174, Time: 00:01:44

Health: -3/19      AC:  3    Str: 13    XL:     1   Next: 30%
Magic:  1/1        EV: 12    Int: 10    God:
Gold:   29         SH:  0    Dex: 13    Spells: 0/0 levels left

rFire   . . .      SeeInvis .   a - +0 falchion
rCold   . . .      Faith    .   (no shield)
rNeg    . . .      Spirit   .   b - +0 leather armour
rPois   .          Reflect  .   (no helmet)
rElec   .          Harm     .   (no cloak)
rCorr   .          Rampage  .   (no gloves)
Will    .....                   (no boots)
Stlth   ++........              (no amulet)
HPRegen 0.06/turn               (no ring)
MPRegen 0.07/turn               (no ring)

@: slow
A: amphibious, slowness 1, strong legs 1, +LOS
a: Hop


You were on level 5 of the Dungeon.
You visited 1 branch of the dungeon, and saw 1 of its levels.

You collected 29 gold pieces.

Inventory:

Hand Weapons
 a - a +0 falchion (weapon)
 d - a +0 dagger
Armour
 b - a +0 leather armour (worn)
Wands
 g - a wand of digging (3)
Scrolls
 c - a scroll of fog
 e - 2 scrolls of fear
 h - a scroll of teleportation {unknown}
Potions
 f - a potion of haste


   Skills:
 * Level 3.6 Fighting
 * Level 2.4 Long Blades
 * Level 0.2 Armour
 + Level 2.2 Dodging
 - Level 4.5 Stealth
 * Level 0.1 Spellcasting


You couldn't memorise any spells.
You didn't know any spells.
Your spell library was empty.

Dungeon Overview and Level Annotations

Branches:
Dungeon (5/15)
 Temple: D:4-7

Altars:

Annotations:
D:5 Menkaure


Innate Abilities, Weirdness & Mutations

You are amphibious.
You cover ground slowly.
You can hop short distances.
You have an extended range of vision and can be seen from far away.


Message History

You see here a wand of polymorph (4).
i - a wand of polymorph (4) Autopickup disabled for wands of polymorph.
You drop a wand of polymorph (4).
You now have 17 gold pieces (gained 4).
A white imp comes into view.
Really walk into that teleport trap?
You enter a teleport trap!
The teleport trap disappears.
Your surroundings suddenly seem different.
Found 12 gold pieces.
Found a stone staircase leading up.
You now have 29 gold pieces (gained 12).
There is a stone staircase leading up here.
You open the door.
An ufetubus comes into view.
Found a scroll labelled ILEROS NEA.
You closely miss the ufetubus.
The ufetubus shouts!
The ufetubus barely misses you. The ufetubus hits you.
You hit the ufetubus but do no damage. The ufetubus closely misses you.
The ufetubus misses you.
The ufetubus hits you but does no damage. x2
You hit the ufetubus but do no damage. The ufetubus hits you.
The ufetubus hits you but does no damage. x2
The ufetubus closely misses you.
You closely miss the ufetubus.
The ufetubus hits you but does no damage.
The ufetubus closely misses you.
You closely miss the ufetubus. The ufetubus hits you.
The ufetubus barely misses you. x3
You miss the ufetubus. The ufetubus barely misses you.
The ufetubus closely misses you. The ufetubus barely misses you.
The ufetubus hits you.
You closely miss the ufetubus. The ufetubus hits you.
* * * LOW HITPOINT WARNING * * *
The ufetubus barely misses you. The ufetubus closely misses you.
The ufetubus misses you.
You barely miss the ufetubus. The ufetubus hits you.
* * * LOW HITPOINT WARNING * * *
The ufetubus closely misses you. The ufetubus hits you.
You die...

,,,,,,,,,,,,,.....*,,,*,,,,,,,*,,
,,,,,,,,,,,,,.....*,,,*...,,,,*,,
,,,***,,,,***#...####+#......,*,,
,,,*********##...##.........#####
,,,,,,,,,,,,,.....#.........#....
,,,,,,,,,,,,,,....#.........#....
,,,,,,,,,,,,,,,?..#.........#....
,,,,,,,,,,*#####5##........<#.[##
******,,,,*#....@.......#####..##
,,,,,*,,,,,#....<.......#......#.
,,,,,*,,,,,#............#......#.
***,,*,,,,,#............+......#.
*8*,,*,,,,,#............#......#.
,,,,,*,,,,,#............#..>...#.
,,,,,*©,,+*#............####'####
,,,,,*,,,.................,#...##
*8*,,*,,..####.....####....#.....


You could see an ufetubus.

Vanquished Creatures
  An orc (D:5)
1 creature vanquished.

Notes
Turn   | Place    | Note
-------+----------+-------------------------------------------
     0 | D:5      | Esekla the Barachi Delver began the quest for the Orb.
     0 | D:5      | Reached XP level 1. HP: 18/18 MP: 1/1
     8 | D:5      | Noticed Menkaure
   174 | D:5      | Slain by an ufetubus

Illustrated notes

Levels and vault maps discovered:
D:5:      cheibrodos_barr_body, layout_gridville, nzn_wu_jian_contemplation,
          gammafunk_ghost_mausoleum, uniq_menkaure

Action                   || total
-------------------------++-------
Melee: Falchion          ||    16
  Use: Scroll            ||     1
Armor: Leather armour    ||     5
Dodge: Dodged            ||    20
